 Dungeon Sprint DCSS version bcrawl-1.15.1 (webtiles) character file.

Game seed: 9267397720938397851

294893 Chiseanne the Warrior (level 13, 81/119 HPs)
             Began as a Demonspawn Archaeologist on Oct 2, 2019.
             Was an Initiate of Gozag.
             Escaped with the Orb!
             The game lasted 00:44:13 (6711 turns).

Chiseanne the Warrior (Demonspawn Archaeologist)    Turns: 6711, Time: 00:44:14

Health: 81/119     AC: 34    Str: 21    XL:     13   Next: 77%
Magic:  23/23      EV: 21    Int: 14    God:    Gozag
Gold:   702        SH: 17    Dex: 18    Spells: 12/12 levels left

rFire    + + +     SeeInvis +   a - +6 scimitar of Flaming Death {sticky flame, rF++ rC- MR+}
rCold    + . .     Gourm    .   L - +1 buckler {AC+3}
rNeg     + + .     Faith    .   o - +2 pearl dragon scales of the Coins {rN+ Str+5 Slay+5}
rPois    .         Spirit   .   A - +2 hat
rElec    .         Reflect  +   M - +1 cloak "Hiasiol" {*Slow rN+ SInv}
rCorr    .         Harm     .   J - +0 pair of gloves {Dex+3}
MR       ++...     NoTele   +   d - +1 pair of boots
Stlth    +.........             c - +5 amulet of reflection
HPRegen  0.29/turn              u - ring "Huecs" {rF++ MR+ Str+3 Int-2}
MPRegen  0.18/turn              R - ring of protection from cold

@: no status effects
A: antennae 2, iridescent scales 2, cold resistance 1, powered by pain 2
0: Orb of Zot
a: Potion Petition, Call Merchant, Bribe Branch, Renounce Religion


You escaped.
You worshipped Gozag.
Gozag was pleased with you.
You were not hungry.

You visited 1 branch You collected 13872 gold pieces.
You spent 9453 gold pieces at shops.
You paid 3717 gold pieces to Gozag.

Inventory:

Hand Weapons
 a - the +6 scimitar of Flaming Death (weapon) {sticky flame, rF++ rC- MR+}

   It has been specially enchanted to burn those struck by it, causing extra
   injury to most foes and up to half again as much damage against particularly
   susceptible opponents.
   Big, fiery blades are also staple armaments of hydra-hunters.
   It greatly protects you from fire.
   It makes you vulnerable to cold.
   It affects your resistance to hostile enchantments.
 w - a +1 blowgun
Missiles
 e - 57 curare-tipped needles
 g - 45 javelins (quivered)
 i - 2 throwing nets {!f}
 l - 428 sling bullets
 x - 266 poisoned needles
 y - 167 bolts
Armour
 d - a +1 pair of boots (worn)
 o - the +2 pearl dragon scales of the Coins (worn) {rN+ Str+5 Slay+5}
   (You bought it in a shop in the Dungeon)

   It affects your strength (+5).
   It affects your accuracy and damage with ranged weapons and melee attacks
   (+5).
   It protects you from negative energy.
 A - a +2 hat (worn)
 E - a +2 pair of gloves of strength
 J - a +0 pair of gloves of dexterity (worn)
 L - a +1 buckler of protection (worn)
 M - the +1 cloak "Hiasiol" (worn) {*Slow rN+ SInv}
   (You bought it in a shop in the Dungeon)

   It protects you from negative energy.
   It lets you see invisible.
   It may slow you when you take damage.
Magical Staves
 h - an uncursed staff of wizardry
Jewellery
 c - a +5 amulet of reflection (around neck)
 f - an uncursed ring of poison resistance
 j - an uncursed amulet of guardian spirit
 u - the ring "Huecs" (left hand) {rF++ MR+ Str+3 Int-2}
   (You bought it in a shop in the Dungeon)

   [ring of protection from magic]

   It affects your strength (+3).
   It affects your intelligence (-2).
   It greatly protects you from fire.
   It affects your resistance to hostile enchantments.
 v - an uncursed ring of see invisible
 R - a ring of protection from cold (right hand)
Wands
 B - a wand of flame (33)
 S - a wand of acid (5)
 T - a wand of paralysis (13)
Scrolls
 b - 8 scrolls of identify
 q - a scroll of amnesia
 t - 2 scrolls of fog
 D - a scroll of fear
Potions
 k - a potion of magic
 n - 6 potions of curing
 C - 2 potions of berserk rage
 F - 2 potions of cancellation
 I - a potion of brilliance
 N - 2 potions of mutation
Miscellaneous
 H - a box of beasts
 K - a sack of spiders
 O - a lamp of fire
 P - a phial of floods
Comestibles
 z - 2 rations {!d}


   Skills:
 - Level 16.5 Fighting
 - Level 14.0 Long Blades
   Level 0.8 Maces & Flails
 - Level 12.8 Throwing
 - Level 14.7 Armour
 - Level 15.5 Dodging
 - Level 3.0 Stealth
 - Level 5.4 Shields
 + Level 13.4 Evocations


You had 12 spell levels left.
You didn't know any spells.
Your spell library contained the following spells:

 Spells                   Type           Power        Failure   Level  Hunger
 Beckoning                Tloc           #.........   90%         3    ####...
 Portal Projectile        Tloc           #.....       90%         3    ####...
 Force Lance              Tloc           #.......     100%        4    #####..
 Dispersal                Tloc           #.........   100%        6    #######
 Controlled Blink         Tloc           N/A          100%        8    #######


Dungeon Overview and Level Annotations

Branches:
Dungeon (1/1)

Altars:
Cheibriados
Dithmenos
Elyvilon
Fedhas
Gozag
Hepliaklqana
Kikubaaqudgha
Lugonu
Makhleb
Nemelex Xobeh
Okawaru
Qazlal
Ru
Sif Muna
Trog
Uskayaw
Vehumet
Wu Jian
Xom
Yredelemnul
Zin
The Shining One
Jiyva

Shops:
D :(=(?=*[=:==[}*!?[(=[*}[![!?[}

Annotations:
D exclusion: door, Tiamat


Innate Abilities, Weirdness & Mutations

You have a pair of antennae on your head.
You are mostly covered in iridescent scales. (AC +4)
Your flesh is cold resistant. (rC+)
You sometimes gain power by taking damage.


Message History

An arrow shoots out and hits your shield.
The blizzard demon gestures at you. The freezing cloud misses you.
There is an arrow trap here.
You are engulfed in freezing vapours.
You resist.
There is an open door, spattered with blood here.
Which direction?
There isn't anything that you can close there!
Unknown command.
Which direction?
You close the door.
There is an open door here.
Things that are here:
a +0 robe; a +0 scythe
There is an open door, spattered with blood here.
There is an open door here.
There is an open door here.
There is an open door here.
There is a staircase leading out of the dungeon here.
You have escaped!

##################
#@.#{){).#.)2..#°○
#..'..#..'[.#..+{{
#..#####'#####'#°○
#..####..#...#.###
#..#__####..##.#§§
#..#__{__##'#_.'§§
#⌠⌠#_{∩...'..._#§§
####_..__##_.#'##§
*$$#_____###'#∩#..


There were no monsters in sight!

Vanquished Creatures
  Lom Lobon (D)
  the Lernaean hydra (D)
  A golden dragon (D)
  A deep elf master archer (D)
  A shadow dragon (D)
  4 fire giants (D)
  A deep elf annihilator (D)
  A lorocyproca (D)
  A mummy priest (D)
  A hydra (D)
  A centaur warrior (D)
  Sonja (D)
  7 unseen horrors (D)
  A lindwurm (D)
  2 oklob plants (D)
  8 shining eyes (D)
  2 merfolk sirens (D)
  A gargoyle (D)
  2 kobold demonologists (D)
  A hellwing (D)
  4 demonic crawlers (D)
  3 hornets (D)
  A slime creature (D)
  Sigmund (D)
  2 redbacks (D)
  A yak (D)
  13 hogs (D)
  7 floating eyes (D)
  A boggart (D)
  7 necrophages (D)
  8 jellies (D)
  Ijyb (D)
  A ball lightning (D)
  A ballistomycete (D)
  A ballistomycete spore (D)
91 creatures vanquished.

Vanquished Creatures (collateral kills)
  A centaur warrior (D)
1 creature vanquished.

Vanquished Creatures (others)
  A deep troll (D)
  A gargoyle (D)
  2 hornets (D)
  14 ball lightnings (D)
  A ballistomycete spore (D)
19 creatures vanquished.

Grand Total: 111 creatures vanquished

Notes
Turn   | Place    | Note
-------+----------+-------------------------------------------
     0 | D        | Chiseanne the Demonspawn Archaeologist began the quest for
                  | the Orb.
     0 | D        | Reached XP level 1. HP: 15/15 MP: 1/1
     2 | D        | Noticed Ijyb
    21 | D        | Killed Ijyb
    21 | D        | Reached skill level 3 in Fighting
    21 | D        | Gained mutation: You sometimes gain a little power by
                  | taking damage. [demonic ancestry]
    21 | D        | Reached XP level 2. HP: 24/24 MP: 1/4
    61 | D        | Noticed an ogre
    62 | D        | Noticed a boggart
    62 | D        | an ogre changed into a boggart
    98 | D        | Killed a boggart
    98 | D        | Reached skill level 5 in Fighting
    98 | D        | Reached skill level 5 in Dodging
    98 | D        | Reached skill level 5 in Evocations
    98 | D        | Gained mutation: You sometimes gain power by taking damage.
                  | [demonic ancestry]
    98 | D        | Reached XP level 3. HP: 23/33 MP: 4/6
    98 | D        | Gained mutation: You have a pair of small antennae on your
                  | head. [demonic ancestry]
    98 | D        | Reached XP level 4. HP: 27/39 MP: 4/7
   101 | D        | Noticed Sigmund
   125 | D        | Killed Sigmund
   125 | D        | Reached XP level 5. HP: 26/44 MP: 5/8
   125 | D        | Reached XP level 6. HP: 30/51 MP: 5/9
   239 | D        | Found a shimmering blue altar of Sif Muna.
   240 | D        | Found an ornate altar of the Wu Jian Council.
   241 | D        | Found a radiant altar of Vehumet.
   243 | D        | Reached skill level 1 in Armour
   268 | D        | Found Igholeatt's Weapon Emporium.
   268 | D        | Found an ancient bone altar of Kikubaaqudgha.
   268 | D        | Found a hazy altar of Hepliaklqana.
   268 | D        | Found a hide-covered altar of Uskayaw.
   268 | D        | Found a basalt altar of Yredelemnul.
   268 | D        | Found an opulent altar of Gozag.
   268 | D        | Found a snail-covered altar of Cheibriados.
   268 | D        | Found a sacrificial altar of Ru.
   268 | D        | Found a shadowy altar of Dithmenos.
   268 | D        | Noticed a yak
   273 | D        | Killed a yak
   273 | D        | Reached skill level 6 in Fighting
   274 | D        | Found a stormy altar of Qazlal.
   274 | D        | Found a blossoming altar of Fedhas.
   274 | D        | Found a bloodstained altar of Trog.
   274 | D        | Found an iron altar of Okawaru.
   274 | D        | Found a glowing golden altar of the Shining One.
   274 | D        | Found a glowing silver altar of Zin.
   274 | D        | Found a white marble altar of Elyvilon.
   277 | D        | Found a sparkling altar of Nemelex Xobeh.
   281 | D        | Became a worshipper of Gozag Ym Sagoz the Greedy
   290 | D        | Noticed Sonja
   309 | D        | Killed Sonja
   309 | D        | Reached skill level 8 in Fighting
   309 | D        | Reached skill level 10 in Long Blades
   309 | D        | Reached skill level 5 in Armour
   309 | D        | Gained mutation: Your flesh is cold resistant. (rC+)
                  | [demonic ancestry]
   309 | D        | Reached XP level 7. HP: 56/62 MP: 10/10
   309 | D        | Reached XP level 8. HP: 61/68 MP: 11/11
   335 | D        | Found Ilugh's Book Boutique.
   570 | D        | Noticed a shining eye
   570 | D        | Noticed a shining eye
   570 | D        | Noticed a shining eye
   571 | D        | Paralysed by a floating eye for 4 turns
   579 | D        | Paralysed by a floating eye for 4 turns
   593 | D        | Killed a shining eye
   593 | D        | Reached skill level 9 in Fighting
   597 | D        | Killed a shining eye
   597 | D        | Gained mutation: You have a pair of antennae on your head.
                  | [demonic ancestry]
   597 | D        | Reached XP level 9. HP: 55/62 MP: 12/12
   615 | D        | Killed a shining eye
   615 | D        | Reached skill level 10 in Fighting
   616 | D        | Noticed a shining eye
   616 | D        | Noticed a shining eye
   616 | D        | Noticed a shining eye
   618 | D        | Noticed a shining eye
   618 | D        | Noticed a shining eye
   629 | D        | Paralysed by a floating eye for 2 turns
   632 | D        | Killed a shining eye
   632 | D        | Reached skill level 10 in Dodging
   640 | D        | Killed a shining eye
   649 | D        | Killed a shining eye
   649 | D        | Reached skill level 11 in Fighting
   649 | D        | Killed a shining eye
   649 | D        | Reached XP level 10. HP: 88/88 MP: 11/13
   668 | D        | Killed a shining eye
   707 | D        | Found Faikhli's Weapon Shoppe.
   707 | D        | Found Waedwot Zuoh's Magic Scroll Shop.
   707 | D        | Found Vusifomule's Jewellery Emporium.
   707 | D        | Found Miuris's Jewellery Boutique.
   723 | D        | Bought a scroll of identify for 24 gold pieces
   723 | D        | Bought a scroll of enchant armour for 90 gold pieces
   723 | D        | Bought a scroll of amnesia for 42 gold pieces
   723 | D        | Bought a scroll of remove curse for 36 gold pieces
   723 | D        | Bought a scroll of enchant weapon for 90 gold pieces
   723 | D        | Bought a scroll of fog for 24 gold pieces
   723 | D        | Bought a scroll of identify for 24 gold pieces
   730 | D        | Bought the ring "Huecs" {rF++ MR+ Str+3 Int-2} for 567 gold
                  | pieces
   733 | D        | Bought an uncursed ring of see invisible for 165 gold
                  | pieces
   733 | D        | Bought an uncursed ring of poison resistance for 220 gold
                  | pieces
   733 | D        | Bought a cursed -3 ring of dexterity for 22 gold pieces
   758 | D        | Noticed a deep troll
   773 | D        | Noticed a centaur warrior
   773 | D        | Noticed a centaur warrior
   779 | D        | Killed a centaur warrior
   787 | D        | Killed a centaur warrior
   787 | D        | Reached skill level 12 in Fighting
   787 | D        | Reached skill level 10 in Armour
   831 | D        | Found Soesch's Armour Emporium.
   839 | D        | Bought a +2 hat for 176 gold pieces
   874 | D        | Noticed an oklob plant
  1382 | D        | Killed an oklob plant
  1705 | D        | Found a burning altar of Makhleb.
  1705 | D        | Found a viscous altar of Jiyva.
  1705 | D        | Found a shimmering altar of Xom.
  1705 | D        | Found a corrupted altar of Lugonu.
  1790 | D        | Noticed a soul eater
  1793 | D        | Paralysed by a floating eye for 4 turns
  1837 | D        | Bought a +5 amulet of reflection for 453 gold pieces
  1924 | D        | Gained mutation: You are partially covered in iridescent
                  | scales. (AC +2) [demonic ancestry]
  1924 | D        | Reached XP level 11. HP: 30/97 MP: 14/14
  2207 | D        | Noticed a lindwurm
  2214 | D        | Killed a lindwurm
  2214 | D        | Reached skill level 13 in Fighting
  2265 | D        | Noticed a daeva
  2272 | D        | Noticed a 12-headed hydra
  2277 | D        | Killed a seven-headed hydra
  2380 | D        | Bought a potion of agility for 52 gold pieces
  2380 | D        | Bought a potion of heal wounds for 65 gold pieces
  2380 | D        | Bought a potion of berserk rage for 65 gold pieces
  2380 | D        | Bought a potion of might for 52 gold pieces
  2380 | D        | Bought a potion of degeneration for 13 gold pieces
  2380 | D        | Bought a potion of cancellation for 104 gold pieces
  2380 | D        | Bought a potion of flight for 39 gold pieces
  2380 | D        | Bought a potion of lignification for 39 gold pieces
  2388 | D        | Noticed a deep elf annihilator
  2407 | D        | Reached skill level 14 in Fighting
  2492 | D        | Bought a +0 pair of gloves of strength for 149 gold pieces
  2541 | D        | Noticed a lorocyproca
  2549 | D        | Killed a lorocyproca
  3151 | D        | Bought the +2 pearl dragon scales of the Coins {rN+ Str+5
                  | Slay+5} for 1706 gold pieces
  3172 | D        | Noticed an unseen horror
  3175 | D        | Killed an unseen horror
  3179 | D        | Noticed an unseen horror
  3180 | D        | Killed an unseen horror
  3183 | D        | Killed an unseen horror
  3184 | D        | Noticed an unseen horror
  3193 | D        | Killed an unseen horror
  3193 | D        | Reached skill level 15 in Fighting
  3194 | D        | Noticed an unseen horror
  3195 | D        | Killed an unseen horror
  3195 | D        | Gained mutation: You are mostly covered in iridescent
                  | scales. (AC +4) [demonic ancestry]
  3195 | D        | Reached XP level 12. HP: 63/110 MP: 15/15
  3387 | D        | HP: 3/110 [daeva/divine providence (14)]
  3927 | D        | Found the +0 pair of fencer's gloves {Riposte Dex+6}
  3959 | D        | Found Ohea's Armour Shoppe.
  3959 | D        | Found Jagu's General Store.
  3959 | D        | Found Decsowa's Jewellery Boutique.
  3961 | D        | Found Diulat's Book Emporium.
  3961 | D        | Found Ifuur's Jewellery Shop.
  3961 | D        | Found Jyraisot's Antique Armour Shoppe.
  3961 | D        | Found Lause's Gadget Boutique.
  3961 | D        | Found Joaggael's General Store.
  3961 | D        | Found Coazeat's Distillery.
  3961 | D        | Found Kiha's Magic Scroll Shoppe.
  3963 | D        | Bought a potion of resistance for 120 gold pieces
  3963 | D        | Bought a potion of brilliance for 48 gold pieces
  3963 | D        | Bought a potion of curing for 36 gold pieces
  3963 | D        | Bought a scroll of identify for 24 gold pieces
  3964 | D        | Bought a +1 buckler of protection for 181 gold pieces
  3970 | D        | Found Ziciujidgh's Antique Armour Boutique.
  3971 | D        | Found Couph's Jewellery Emporium.
  3971 | D        | Found Plog's Weapon Boutique.
  3972 | D        | Bought a cursed -3 ring of evasion for 20 gold pieces
  3973 | D        | Found Bualof's Assorted Antiques.
  3974 | D        | Bought an ichor-stained cloak for 294 gold pieces
  3974 | D        | Identified the +1 cloak "Hiasiol" {*Slow rN+ SInv} (You
                  | bought it in a shop in the Dungeon)
  3982 | D        | Bought a scroll of magic mapping for 45 gold pieces
  3982 | D        | Bought a scroll of identify for 26 gold pieces
  3982 | D        | Bought a ration for 65 gold pieces
  3982 | D        | Bought a ration for 65 gold pieces
  3984 | D        | Bought 2 potions of mutation for 176 gold pieces
  3989 | D        | Bought a scroll of blinking for 172 gold pieces
  3989 | D        | Bought a scroll of identify for 46 gold pieces
  3989 | D        | Bought a scroll of identify for 46 gold pieces
  3989 | D        | Bought a scroll of identify for 46 gold pieces
  3989 | D        | Bought a scroll of identify for 46 gold pieces
  3989 | D        | Bought a scroll of identify for 46 gold pieces
  3989 | D        | Bought an encrusted garnet ring for 115 gold pieces
  3989 | D        | Bought a ruby potion for 20 gold pieces
  3989 | D        | Bought a moonstone ring for 115 gold pieces
  4002 | D        | Bought a scroll of identify for 22 gold pieces
  4002 | D        | Bought 2 scrolls of identify for 44 gold pieces
  4002 | D        | Bought a scroll of identify for 22 gold pieces
  4004 | D        | Bought a potion of curing for 33 gold pieces
  4004 | D        | Bought a potion of agility for 44 gold pieces
  4004 | D        | Bought a potion of heal wounds for 55 gold pieces
  4004 | D        | Bought 2 potions of agility for 88 gold pieces
  4004 | D        | Bought a potion of heal wounds for 55 gold pieces
  4153 | D        | Noticed a fire giant
  4166 | D        | Killed a fire giant
  4167 | D        | Noticed a fire giant
  4175 | D        | Killed a fire giant
  4175 | D        | Reached skill level 16 in Fighting
  4175 | D        | Reached skill level 15 in Dodging
  4186 | D        | Noticed a fire giant
  4186 | D        | Noticed a fire giant
  4215 | D        | Killed a fire giant
  4217 | D        | Killed a fire giant
  4322 | D        | Identified the +4 dragonskin cloak
  4322 | D        | Noticed Tiamat
  4447 | D        | Killed a deep elf annihilator
  4447 | D        | Reached skill level 5 in Shields
  4845 | D        | Noticed a mummy priest
  4953 | D        | Bought a wand of flame (15) for 110 gold pieces
  4953 | D        | Bought a wand of acid (2) for 156 gold pieces
  4967 | D        | Bought a potion of flight for 33 gold pieces
  4967 | D        | Bought a potion of curing for 33 gold pieces
  4967 | D        | Bought a potion of berserk rage for 55 gold pieces
  5022 | D        | Bought a wand of flame (23) for 175 gold pieces
  5022 | D        | Bought a wand of random effects (7) for 126 gold pieces
  5059 | D        | Killed a mummy priest
  5073 | D        | Got an ichor-stained scale mail
  5077 | D        | Identified the cursed +0 scale mail of the Invisible Hand
                  | {rC++ MR+ rCorr Str-4} (You found it in the Dungeon)
  5141 | D        | Noticed the 27-headed Lernaean hydra
  5150 | D        | Killed the 25-headed Lernaean hydra
  5538 | D        | Bought a pair of runed gloves for 232 gold pieces
  5552 | D        | Bought a potion of heal wounds for 55 gold pieces
  5552 | D        | Bought a potion of heal wounds for 55 gold pieces
  5552 | D        | Bought a potion of haste for 110 gold pieces
  5552 | D        | Bought 2 potions of curing for 66 gold pieces
  5552 | D        | Bought a potion of curing for 33 gold pieces
  5552 | D        | Bought a potion of curing for 33 gold pieces
  5552 | D        | Bought a potion of curing for 33 gold pieces
  5552 | D        | Bought 2 potions of haste for 220 gold pieces
  5552 | D        | Bought a potion of flight for 33 gold pieces
  5562 | D        | Noticed a deep elf master archer
  5624 | D        | Killed a deep elf master archer
  5624 | D        | Reached XP level 13. HP: 80/119 MP: 16/16
  5656 | D        | Found the cursed -1 butterfly sword {speed, MR+ *Curse}
  5778 | D        | Bought a scroll of fear for 56 gold pieces
  5803 | D        | Noticed a shadow dragon
  5805 | D        | Noticed a golden dragon
  5830 | D        | Killed a golden dragon
  5846 | D        | Killed a shadow dragon
  5915 | D        | Found Baguttatee's Gadget Shoppe.
  5934 | D        | Bought a box of beasts for 220 gold pieces
  5934 | D        | Bought a lamp of fire for 440 gold pieces
  5934 | D        | Bought a phial of floods for 440 gold pieces
  5934 | D        | Bought a wand of acid (7) for 242 gold pieces
  5934 | D        | Bought a wand of paralysis (13) for 165 gold pieces
  5966 | D        | Noticed Lom Lobon
  6026 | D        | Killed Lom Lobon
  6609 | D        | Got the Orb of Zot
  6640 | D        | Noticed a blizzard demon
  6711 | D        | Escaped with the Orb!

Skill      XL: |  1  2  3  4  5  6  7  8  9 10 11 12 13 |
---------------+----------------------------------------+-----
Fighting       | 3 5 8 9 11 12 15 16 | 16.5
Dodging        | 4 5 7 9 10 12 14 15 | 15.5
Evocations     | 3 5 13 | 13.4
Long Blades    | 9 10 11 12 13 14 | 14.0
Armour         | 5 7 9 11 13 14 | 14.7
Shields        | 5 |  5.4
Throwing       | 9 12 | 12.8
Maces & Flails | |  0.8
Stealth        | |  3.0

Action                   |  1- 3 |  4- 6 |  7- 9 | 10-12 | 13-15 || total
-------------------------+-------+-------+-------+-------+-------++-------
Melee: Whip              |     9 |       |       |       |       ||     9
       Unarmed           |     8 |       |       |       |       ||     8
       Dagger            |    17 |    17 |       |       |       ||    34
       Scimitar          |       |    14 |    43 |   293 |    50 ||   400
Throw: Stone             |       |       |       |     1 |       ||     1
       Javelin           |       |       |       |    17 |    10 ||    27
Invok: Potion Petition   |       |     1 |       |       |       ||     1
       Call Merchant     |       |       |       |     7 |     1 ||     8
Evoke: Wand              |     1 |     1 |       |    21 |     3 ||    26
       Phial of floods   |       |       |       |       |     1 ||     1
  Use: Potion            |     2 |     2 |       |    10 |    17 ||    31
       Scroll            |       |       |       |    12 |     3 ||    15
 Stab: Invisible         |       |     2 |       |       |       ||     2
       Sleeping          |       |       |     1 |       |       ||     1
       Distracted        |       |       |       |     5 |       ||     5
       Confused          |       |       |       |     1 |       ||     1
  Eat: Ration            |       |       |       |     6 |       ||     6
Armor: Robe              |     1 |       |       |       |       ||     1
       Scale mail        |     7 |    19 |       |    46 |       ||    72
       Pearl dragon scal |       |       |       |    89 |    11 ||   100
Dodge: Dodged            |     7 |    28 |       |   156 |    23 ||   214
Block: Other             |       |     1 |       |    64 |       ||    65
       Reflection        |       |       |       |     3 |       ||     3
       Buckler           |       |       |       |    40 |    21 ||    61
